AoeStats
← NDF

Arabia

506298233Analyzed
1v1 RM · 18d ago on Sep 13, 2026· 31m 54s· 2 players
Game mode
Random Map
Map size
Tiny (2 player)
Population
200
Speed
Normal
Resources
Standard
Victory
Conquest
Starting age
Dark Age
Ending age
Imperial Age
RankedLock teamsTeams togetherTeam positionsShared explorationLock speedFull tech treeHidden civsTurbo modeCheats
Victory
Defeat
🇦🇷 Teutons · Argentina
517
+17
🇪🇸 Britons · Spain
548
-17
NDF
2:54 Loom
13:06 Feudal Age
14:17 Arson
15:54 Man-at-Arms
21:39 Castle Age
20:11 Double-Bit Axe
20:12 Horse Collar
20:44 Stone Mining
21:04 Gold Mining
22:42 Forging
22:34 Padded Archer Armor
23:01 Crossbowman
24:59 Squires
24:56 Fletching
31:45 Elite Skirmisher
adrianoliva1995
3:43 Loom
8:20 Loom
11:36 Feudal Age
12:53 Wheelbarrow
12:19 Double-Bit Axe
12:32 Gold Mining
18:05 Man-at-Arms
18:31 Arson
19:30 Stone Mining
27:08 Castle Age
29:07 Forging
28:59 Scale Mail Armor
28:45 Long Swordsman
29:51 Hand Cart
Connection lost

Rejoining the realm…

Still unreachable

The connection could not be restored.

Session expired

The server has moved on; the page needs a fresh start.